 Dungeon Crawl Stone Soup version 0.13.0-6-g40e4d2d (webtiles) character file.

186 Leibowitz the Poker (level 4, -2/35 HPs)
             Began as a Merfolk Gladiator on Oct 14, 2013.
             Killed from afar by an orc wizard (8 damage)
             ... with a magic dart
             ... on Level 2 of the Dungeon.
             The game lasted 00:04:41 (1303 turns).

Leibowitz the Poker (Merfolk Gladiator)             Turns: 1303, Time: 00:04:41

HP  -2/35        AC  4     Str 15      XL: 4   Next: 19%
MP   3/3         EV 14     Int  7      God:
Gold 118         SH  0     Dex 15      Spells:  0 memorised,  3 levels left

Res.Fire  : + . .   See Invis. : .   a - +0 trident
Res.Cold  : . . .   Warding    : .   b - +0 leather armour
Life Prot.: . . .   Conserve   : .   (no shield)
Res.Poison: .       Res.Corr.  : .   c - +0 helmet
Res.Elec. : .       Clarity    : .   (no cloak)
Sust.Abil.: . .     Spirit.Shd : .   (no gloves)
Res.Mut.  : .       Stasis     : .   (no boots)
Res.Rott. : .       Flight     : .   k - amulet of the gourmand
Gourmand  : +                        (no ring)
                                     p - ring of protection from fire {unknown}

@: slowed, very slow, slightly resistant to hostile enchantments, unstealthy
A: change form in water, swift swim
a: no special abilities


You were on level 2 of the Dungeon.
You were very full.

You visited 1 branch of the dungeon, and saw 3 of its levels.

You collected 98 gold pieces.

Inventory:

Hand weapons
 a - a +0,+0 trident (weapon)
Missiles
 d - 4 throwing nets (quivered)
Armour
 b - a +0 leather armour (worn)
 c - a +0 helmet (worn)
Comestibles
 f - a bread ration
 j - 2 pears
 u - a rotting chunk of goblin flesh
Scrolls
 h - 2 scrolls of recharging {unknown}
 i - a scroll of enchant weapon I {unknown}
 l - a scroll of enchant weapon II {unknown}
 m - 2 scrolls of noise {unknown}
 n - 2 scrolls of identify {unknown}
 q - 2 scrolls of random uselessness {unknown}
 r - 3 scrolls of remove curse {unknown}
 s - 2 scrolls of curse armour {unknown}
 v - a scroll of fog {unknown}
Jewellery
 k - an amulet of the gourmand (around neck)
 p - a ring of protection from fire (left hand) {unknown}
Potions
 e - a potion of restore abilities {unknown}
 g - 2 potions of curing {unknown}
 o - a potion of slowing {unknown}
 t - a potion of invisibility {unknown}
 w - a potion of poison {unknown}


   Skills:
 * Level 2.9 Fighting
 + Level 5.3 Polearms
 - Level 2.0 Throwing
 * Level 5.3 Dodging


You had 3 spell levels left.
You didn't know any spells.

Dungeon Overview and Level Annotations

Branches:
Dungeon (3/27)

Altars:


Message History

The orc wizard casts a spell.
The orc wizard blinks!
You hit the orc.
The orc is severely wounded.
The orc hits you with an orcish falchion.
The orc hits you with a runed orcish short sword.
The orc closely misses you.
You hit the orc but do no damage.
The orc is severely wounded.
The orc hits you with a runed orcish short sword.
* * * LOW HITPOINT WARNING * * *
The orc barely misses you.
You hit the orc.
You kill the orc!
The orc wizard closely misses you. The orc barely misses you.
The orc wizard hits you with an orcish dagger.
* * * LOW HITPOINT WARNING * * *
The orc wizard casts a spell at you. The magic dart hits you!
You die...

..####..###### #.#..# ####
######..##...# #.#..### #...
#...#..#....# #.#....# #...
#...#..#....##### #.#....# #...
##...#..#...##...####.#....###...
.................................
.....#...................#######.
.....#.###......#####...## #.
.......)........@>o...#.# #.
.....#.######...##o.....########.
.................................
..#####...######.#......#########
..# #...# #.#.......# #.# #####
#...#####.# #.# #.<.# #.#
#.######## #...# #.#
#.#......#######.#######.########


You could see an orc wizard and an orc.

Vanquished Creatures
  2 adders
  A giant mite (D:3)
  4 giant geckos
  An orc (D:2)
  8 goblins
  4 hobgoblins
  A ball python (D:1)
  6 bats
  3 giant cockroaches (D:1)
  2 giant newts
  6 kobolds
  5 rats
43 creatures vanquished.

Notes
Turn   | Place    | Note
--------------------------------------------------------------
     0 | D:1      | Leibowitz, the Merfolk Gladiator, began the quest for the Orb.
     0 | D:1      | Reached XP level 1. HP: 17/17 MP: 0/0
   175 | D:1      | Reached XP level 2. HP: 23/23 MP: 1/1
   475 | D:1      | Reached XP level 3. HP: 28/28 MP: 2/2
   578 | D:2      | Reached skill level 5 in Polearms
   578 | D:2      | Reached skill level 5 in Dodging
  1293 | D:3      | Reached XP level 4. HP: 33/35 MP: 3/3
  1303 | D:2      | Killed from afar by an orc wizard

Action                   |  1- 3 |  4- 6 || total
-------------------------+-------+-------++-------
Melee: Trident           |   113 |     7 ||   120
